 Dungeon Crawl Stone Soup version 0.28-a0-1002-gf00fe891ef (webtiles) character file.

Game seed: 10230979775629609376

2 Umoon2 the Ducker (level 1, -1/16 HPs)
             Began as a Demonspawn Gladiator on Dec 7, 2021.
             Succumbed to a goblin's poison
             ... on level 1 of the Dungeon.
             The game lasted 00:00:13 (30 turns).

Umoon2 the Ducker (Demonspawn Gladiator)              Turns: 30, Time: 00:00:14

Health: -1/16      AC:  4    Str: 14    XL:     1   Next: 25%
Magic:  1/1        EV: 12    Int:  9    God:
Gold:   0          SH:  0    Dex: 14    Spells: 0/0 levels left

rFire   . . .      SeeInvis .   a - +0 rapier
rCold   . . .      Faith    .   (no shield)
rNeg    . . .      Spirit   .   b - +0 leather armour
rPois   .          Reflect  .   c - +0 helmet
rElec   .          Harm     .   (no cloak)
rCorr   .          Rampage  .   (no gloves)
Will    .....                   (no boots)
Stlth   +.........              (no amulet)
HPRegen 0.05/turn               (no ring)
MPRegen 0.07/turn               (no ring)

@: lethally poisoned (-1 -> -4)
A: no striking features
a: no special abilities


You were on level 1 of the Dungeon.
You visited 1 branch of the dungeon, and saw 1 of its levels.

Inventory:

Hand Weapons
 a - a +0 rapier (weapon)
Missiles
 d - 3 throwing nets (quivered)
Armour
 b - a +0 leather armour (worn)
 c - a +0 helmet (worn)


   Skills:
 + Level 2.0 Fighting
 - Level 2.6 Short Blades
 - Level 1.7 Throwing
 + Level 0.1 Armour
 + Level 2.7 Dodging


You couldn't memorise any spells.
You didn't know any spells.
Your spell library was empty.

Dungeon Overview and Level Annotations

Branches:
Dungeon (1/15)

Altars:


Message History

A rat comes into view.
A goblin comes into view. It is wielding a +0 club.
The kobold barely misses you.
You barely miss the frilled lizard. The goblin closely misses you.
The kobold barely misses you. The frilled lizard bites you.
You closely miss the frilled lizard.
The goblin hits you with a +2 dagger of venom.
You are lethally poisoned!
The kobold closely misses you. The frilled lizard bites you.
You are too injured to fight recklessly!
You are too injured to fight recklessly!
You are too injured to fight recklessly!
You are too injured to fight recklessly!
You are too injured to fight recklessly!
You are too injured to fight recklessly!
You are too injured to fight recklessly!
You are too injured to fight recklessly!
You are too injured to fight recklessly!
You are too injured to fight recklessly!
You are too injured to fight recklessly!
You are too injured to fight recklessly!
Unknown command.
* * * LOW HITPOINT WARNING * * *
You feel sick.
The frilled lizard hisses.
The rat twitches its whiskers.
* * * LOW HITPOINT WARNING * * *
You feel sick.
* * * LOW HITPOINT WARNING * * *
You feel sick.
You see here a +0 club.
You hit the goblin.
The goblin is heavily wounded.
* * * LOW HITPOINT WARNING * * *
You feel sick. The goblin misses you.
Unknown command.
You aren't carrying any potions.
You closely miss the goblin.
The goblin is heavily wounded.
You die...

#.......... #..........
#.......... #....(>....
#.......... #.....>..#
#........#
################r........
#.............@gK........
#<...##...##.).lg........
#........................
################.........
#........# ##......##
#######


You could see 2 goblins, a kobold, a frilled lizard and a rat.

Vanquished Creatures
  A goblin (D:1)
  A kobold (D:1)
2 creatures vanquished.

Notes
Turn   | Place    | Note
-------+----------+-------------------------------------------
     0 | D:1      | Umoon2 the Demonspawn Gladiator began the quest for the
                  | Orb.
     0 | D:1      | Reached XP level 1. HP: 16/16 MP: 1/1
    30 | D:1      | Succumbed to a goblin's poison

Illustrated notes

Levels and vault maps discovered:
D:1:      wheals_arrival_shading, layout_rooms, minmay_crystal_water,
          minmay_pentomino_r4

Action                   || total
-------------------------++-------
Melee: Rapier            ||    12
Armor: Leather armour    ||     5
Dodge: Dodged            ||     9

Table legend: (Time is in decaauts)
 A = Elapsed time spent in this place.
 B = Non-inter-level travel time spent in this place.
 C = Inter-level travel time spent in this place.
 D = Time resting spent in this place.
 E = Time spent auto-exploring this place.
 F = Levels seen in this place.
 G = Mean time per level.
                   A        B        C        D        E       F      G
               +--------+--------+--------+--------+--------+-----+--------+
         Total |     30 |     30 |      0 |      0 |      6 |   1 |   30.0 |
       Dungeon |     30 |     30 |      0 |      0 |      6 |   1 |   30.0 |
               +--------+--------+--------+--------+--------+-----+--------+

Top non-repeatable levels by time:
     D:1: 30 daAuts
